 Dungeon Crawl Stone Soup version 0.30-b1-2-g02819fbbbe (webtiles) character file.

Game seed: 6272432883276252759

18538 Maffolandro the Frost Mage (level 12, -4/102 HPs)
             Began as a Human Wanderer on Dec 23, 2023.
             Was a High Priest of Makhleb.
             Succumbed to a black mamba's poison
             ... on level 1 of the Lair of Beasts.
             The game lasted 00:56:53 (15141 turns).

Maffolandro the Frost Mage (Human Wanderer)        Turns: 15141, Time: 00:56:53

Health: -4/102     AC: 16    Str: 12    XL:     12   Next: 96%
Magic:  10/27      EV: 25    Int: 18    God:    Makhleb [*****.]
Gold:   607        SH:  0    Dex: 16    Spells: 6/19 levels left

rFire   . . .        a - +9 flail "Haeps" {pain, Drain Fly rCorr MP+9}
rCold   . . .        (no shield)
rNeg    . . .        O - +3 scale mail
rPois   .            u - +0 helmet
rElec   .            b - +0 cloak
rCorr   +            A - +1 pair of gloves {Dex+3}
SInv    .            C - +0 pair of boots
Will    .....        z - amulet of the acrobat Stlth
                     (no ring)
HPRegen 0.37/turn    (no ring)
MPRegen 0.20/turn

%: acrobat
@: lethally poisoned (-4 -> -32), acrobatic, flying, very slightly contaminated
A: no striking features
a: Renounce Religion, Minor Destruction, Lesser Servant of Makhleb, Major
Destruction, Greater Servant of Makhleb


You were on level 1 of the Lair of Beasts.
You worshipped Makhleb.
Makhleb was extremely pleased with you.
You visited 2 branches of the dungeon, and saw 13 of its levels.
You also visited: Bailey.

You collected 1119 gold pieces.
You spent 512 gold pieces at shops.

Inventory:

Hand Weapons
 a - the +9 flail "Haeps" (weapon) {pain, Drain Fly rCorr MP+9}
   (You found it on level 2 of the Dungeon)

   MP:        It affects your magic capacity (+9).
   Fly:       It grants you flight.
   rCorr:     It protects you from acid and corrosion.
   Drain:     It drains your maximum health when unequipped.
 F - a +2 dagger of venom
Missiles
 I - 10 poisoned darts
 R - 4 curare-tipped darts
Armour
 b - a +0 cloak (worn)
 k - a +2 tower shield of protection
 u - a +0 helmet (worn)
 A - a +1 pair of gloves of dexterity (worn)
 C - a +0 pair of boots (worn)
 D - the scarf of Dim Light {shadows, Harm Str-5 Int+2 SInv}
   (You found it in a bailey)

   Str:       It affects your strength (-5).
   Int:       It affects your intelligence (+2).
   SInv:      It lets you see invisible.
   Harm:      It increases damage dealt and taken.
 N - +0 fire dragon scales
 O - a +3 scale mail (worn)
Jewellery
 v - a ring of fire
 z - an amulet of the acrobat (around neck)
 P - a +6 ring of strength
Wands
 t - a wand of flame (24)
 J - a wand of charming (14)
Scrolls
 h - 2 scrolls of blinking {unknown}
 m - a scroll of torment
 n - 6 scrolls of silence {unknown}
 p - 4 scrolls of teleportation
 q - 4 scrolls of acquirement {unknown}
 s - a scroll of butterflies
 x - 2 scrolls of immolation
 y - 3 scrolls of fog
 E - 4 scrolls of vulnerability
 G - 2 scrolls of enchant weapon
 H - a scroll of fear
 K - a scroll of magic mapping
 Q - a scroll of poison {unknown}
Potions
 c - 4 potions of berserk rage
 d - 2 potions of ambrosia
 e - 3 potions of might {unknown}
 f - 3 potions of degeneration
 g - 4 potions of mutation {unknown}
 i - 2 potions of invisibility
 j - 7 potions of heal wounds
 l - 4 potions of flight {unknown}
 r - a potion of lignification
 w - 4 potions of haste {unknown}
 B - 7 potions of curing
 L - a potion of cancellation
 M - a potion of magic
Miscellaneous
 o - a lightning rod (4/4)


   Skills:
 - Level 12.0 Fighting
 - Level 2.0 Short Blades
 * Level 5.7 Armour
 - Level 4.1 Dodging
 - Level 4.0 Spellcasting
 - Level 2.0 Hexes
 - Level 8.1 Summonings
 + Level 12.1 Ice Magic
 - Level 1.0 Invocations
 - Level 1.0 Evocations


You had 6 spell levels left.
You knew the following spells:

 Your Spells              Type           Power      Damage    Failure   Level
a - Ozocubu's Armour      Ice            47%        N/A       1%          3
b - Ensorcelled Hibernat  Hex/Ice        58%        N/A       5%          2
c - Frozen Ramparts       Ice            94%        1d15      1%          3
d - Summon Ice Beast      Ice/Summ       40%        N/A       11%         4
e - Slow                  Hex            40%        N/A       28%         1

Your spell library contained the following spells:

 Spells                   Type           Power      Damage    Failure   Level
 Ice Form                 Ice/Tmut       25%        N/A       50%         4
 Sandblast                Erth           6%         2d5       54%         1
 Confusing Touch          Hex            10%        N/A       65%         3
 Passwall                 Tmut/Erth      2%         N/A       69%         2
 Scorch                   Fire           6%         2d5       69%         2
 Sublimation of Blood     Necr           3%         N/A       69%         2
 Wereblood                Tmut           3%         N/A       69%         2
 Portal Projectile        Hex/Tloc       14%        N/A       78%         3
 Stone Arrow              Conj/Erth      6%         3d7       89%         3
 Vampiric Draining        Necr           3%         2d6       89%         3
 Summon Cactus Giant      Summ           16%        N/A       98%         6
 Anguish                  Hex/Necr       3%         N/A       99%         4
 Flame Wave               Conj/Fire      3%         2d5       100%        4
 Ozocubu's Refrigeration  Ice            23%        4d12      98%         7
 Enfeeble                 Hex            5%         N/A       100%        7
 Summon Hydra             Summ           16%        N/A       100%        7


Dungeon Overview and Level Annotations

Branches:
Dungeon (12/15)            Temple (0/1) D:6            Lair (1/5) D:9
    Orc (0/2) D:10         Bailey (visited)

Altars:
Ashenzari
Cheibriados
Fedhas
Hepliaklqana
Kikubaaqudgha
Makhleb
Nemelex Xobeh
Okawaru
Sif Muna
Uskayaw
Zin
Jiyva

Shops:
D:4 [((   D:7 *   D:9 :((!   D:10 ?

Portals:
Trove: D:12 (give +4 storm dragon scales)

Annotations:
D:2 1 runed translucent door, exclusion: door, Crazy Yiuf
D:7 exclusion: oklob plant
D:10 3 runed translucent doors, Raspi's ghost, journeyman FoHu


Message History

You feel extremely sick. The black mamba closely misses you.
Your ice beast barely misses the nameless horror.
The nameless horror hits you.
You feel your power leaking away. The black mamba barely misses you.
Your ice beast hits the nameless horror but does no damage.
Send 'em back where they came from!
Your ice beast disappears in a puff of smoke!
You thump the black mamba!
The black mamba is almost dead.
You feel extremely sick.
The black mamba bites you but does no damage.
The black mamba bites you!
You are more poisoned.
The black mamba poisons you!
The boulder beetle curls into a ball and begins rolling!
The nameless horror closely misses you.
The black mamba bites you but does no damage.
You barely miss the black mamba.
You punch the black mamba, but do no damage.
The black mamba is almost dead.
You feel extremely sick. The black mamba bites you!
You are more poisoned.
The black mamba poisons you! The nameless horror hits you.
You feel your power leaking away. The black mamba bites you.
The nameless horror hits you but does no damage.
You hit the black mamba.
You kill the black mamba!
Makhleb accepts your kill.
You feel better.
You feel extremely sick. The nameless horror barely misses you.
The boulder beetle hits you!!
* * * LOW HITPOINT WARNING * * *
The boulder beetle stops rolling and uncurls.
The boulder beetle attacks as you move away!
The boulder beetle bites you but does no damage.
You die...

# ##
B###?#P####
..........##
.....°PB.@.##
#....#°..X..###
#### ####...#.#
##...###
##....###
#.##..#.#
####....# ###
##...## ###.###
##....######..


You could see a boulder beetle and a nameless horror.

Vanquished Creatures
  2 two-headed ogres
  2 boulder beetles
  An ugly thing (D:11)
  2 manticores
  3 cyclopes
  A black mamba (Lair:1)
  A komodo dragon (D:10)
  3 trolls
  Grinder (D:6)
  Prince Ribbit (D:6)
  2 vampires
  6 slime creatures (D:12)
  A wyvern (D:9)
  2 wraiths (D:9)
  3 shadows
  21 yaks
  3 steam dragons
  4 acid dragons
  A water moccasin (D:8)
  3 sky beasts (D:9)
  9 orc warriors
  2 ice beasts
  5 wolves (D:9)
  6 centaurs
  A phantom (D:10)
  2 bullfrogs (D:8)
  4 scorpions
  9 wights
  2 troll zombies (D:10)
  An electric eel (D:9)
  7 howler monkeys
  11 jellies
  2 gnoll boudas
  9 orc priests
  6 hounds
  A sleepcap (D:5)
  An iguana (D:4)
  11 orc wizards
  Terence (D:2)
  6 ogre zombies (D:10)
  Robin (D:2)
  15 gnolls
  3 adders
  3 shadow imps
  A worm (D:3)
  3 dart slugs
  55 orcs
  26 endoplasms
  4 giant cockroaches
  15 goblins
  7 hobgoblins
  5 quokkas
  6 ball pythons
  5 bats
  3 frilled lizards
  3 goblin skeletons (D:10)
  2 goblin zombies (D:10)
  A hobgoblin skeleton (D:10)
  4 hobgoblin zombies (D:10)
  9 kobolds
  2 orc skeletons (D:10)
  12 orc zombies (D:10)
  11 rats
355 creatures vanquished.

Vanquished Creatures (collateral kills)
  A two-headed ogre (D:8)
  An orc knight (Bailey)
  A wraith (D:11)
  A howler monkey (D:11)
  4 goblins (D:10)
8 creatures vanquished.

Vanquished Creatures (others)
  2 fungi (D:7)
  2 plants (D:3)
4 creatures vanquished.

Grand Total: 367 creatures vanquished

Notes
Turn   | Place    | Note
-------+----------+-------------------------------------------
     0 | D:1      | Maffolandro the Human Wanderer began the quest for the Orb.
     0 | D:1      | Maffolandro set off with the following items: a +0 short
                  | sword, a +0 cloak, a potion of berserk rage, a +0 robe; and
                  | the following spell memorised: Slow; and the following
                  | spells available to memorise: Ensorcelled Hibernation,
                  | Portal Projectile.
     0 | D:1      | Reached XP level 1. HP: 15/15 MP: 2/2
   114 | D:1      | Reached XP level 2. HP: 22/22 MP: 1/3
   117 | D:1      | Learned a level 2 spell: Ensorcelled Hibernation
   579 | D:1      | Reached skill level 1 in Ice Magic
   579 | D:1      | Reached XP level 3. HP: 27/27 MP: 3/5
   953 | D:2      | Found a snail-covered altar of Cheibriados.
  1121 | D:2      | Learned a level 3 spell: Frozen Ramparts
  1378 | D:2      | Noticed Terence
  1460 | D:2      | Identified the +9 flail "Haeps" {pain, Drain Fly rCorr
                  | MP+9}
  1602 | D:2      | Reached XP level 4. HP: 33/33 MP: 7/7
  1739 | D:2      | Noticed Robin
  1762 | D:2      | Killed Robin
  2031 | D:2      | Killed Terence
  2032 | D:2      | Reached XP level 5. HP: 35/38 MP: 8/8
  2099 | D:2      | Found a runed translucent door.
  2100 | D:2      | Noticed Crazy Yiuf
  2267 | D:3      | Found a faded altar of an unknown god.
  2278 | D:3      | Prayed at the altar of an unknown god.
  2278 | D:3      | Became a worshipper of Makhleb the Destroyer
  2278 | D:3      | Reached * piety under Makhleb
  2357 | D:3      | Found a shimmering blue altar of Sif Muna.
  2357 | D:3      | Found a hazy altar of Hepliaklqana.
  2365 | D:3      | Found a faded altar of an unknown god.
  2367 | D:3      | Found a burning altar of Makhleb.
  2369 | D:3      | Found an iron altar of Okawaru.
  2595 | D:3      | Reached XP level 6. HP: 6/44 MP: 7/9
  2809 | D:3      | Reached skill level 5 in Ice Magic
  3053 | D:4      | Found Coik's Antique Armour Emporium.
  3053 | D:4      | Found Ytreh's Weapon Emporium.
  3053 | D:4      | Found Empimn's Weapon Emporium.
  3101 | D:4      | Found a broken altar of Ashenzari.
  3391 | D:4      | Bought a pair of glowing gloves for 172 gold pieces
  3662 | D:4      | Found a sparkling altar of Nemelex Xobeh.
  3895 | D:5      | Entered Level 5 of the Dungeon
  4035 | D:5      | Reached XP level 7. HP: 50/50 MP: 10/10
  4269 | D:5      | Reached ** piety under Makhleb
  4660 | D:5      | Reached XP level 8. HP: 58/58 MP: 11/11
  4998 | D:6      | Found a staircase to the Ecumenical Temple.
  5124 | D:6      | Noticed Grinder
  5156 | D:6      | Killed Grinder
  5157 | D:6      | Reached skill level 5 in Fighting
  5489 | D:6      | Noticed Prince Ribbit
  5510 | D:6      | Killed Prince Ribbit
  5511 | D:6      | Reached XP level 9. HP: 59/71 MP: 12/12
  5958 | D:4      | Bought a twisted ring mail for 207 gold pieces
  5958 | D:4      | Identified the +1 ring mail "Meovi" {+Inv rElec rN++ SInv}
                  | (You bought it in a shop on level 4 of the Dungeon)
  6939 | D:7      | Found Poeduts's General Store.
  6947 | D:7      | Bought a scroll of teleportation for 45 gold pieces
  7066 | D:7      | Noticed an oklob plant
  7071 | D:7      | Reached *** piety under Makhleb
  7365 | D:8      | Found a hide-covered altar of Uskayaw.
  7368 | D:8      | Found an ancient bone altar of Kikubaaqudgha.
  7376 | D:8      | Found a blossoming altar of Fedhas.
  7415 | D:8      | Reached XP level 10. HP: 82/82 MP: 13/13
  7423 | D:8      | Noticed a two-headed ogre
  7455 | D:8      | Killed a two-headed ogre
  7535 | D:8      | Noticed a cyclops
  7556 | D:8      | Killed a cyclops
  7557 | D:8      | Reached skill level 10 in Fighting
  7789 | D:8      | Reached skill level 10 in Ice Magic
  8596 | D:9      | Noticed a two-headed ogre
  8604 | D:9      | Killed a two-headed ogre
  8605 | D:9      | Reached XP level 11. HP: 52/93 MP: 14/14
  8766 | D:9      | Found Qotimm's Weapon Shop.
  8779 | D:9      | Found Jigamm's Book Boutique.
  8798 | D:9      | Learned a level 4 spell: Summon Ice Beast
  8934 | D:9      | Reached **** piety under Makhleb
  9001 | D:9      | Found Qogod's Distillery.
  9079 | D:7      | Bought a potion of heal wounds for 75 gold pieces
  9169 | D:9      | Found a staircase to the Lair.
 10023 | D:9      | Found Camibapitz's Weapon Emporium.
 10051 | D:10     | Entered Level 10 of the Dungeon
 10051 | D:10     | Found a flagged portal.
 10133 | Bailey   | Entered a bailey
 10255 | Bailey   | Reached skill level 1 in Summonings
 10313 | Bailey   | Noticed an orc knight
 10607 | Bailey   | Killed an orc knight
 10923 | Bailey   | Identified the scarf of Dim Light {shadows, Harm Str-5
                  | Int+2 SInv}
 11107 | D:10     | Found a runed translucent gate.
 11107 | D:10     | Found a runed translucent gate.
 11107 | D:10     | Found a runed translucent gate.
 11108 | D:10     | Found a viscous altar of Jiyva.
 11108 | D:10     | Noticed Raspi's ghost (journeyman FoHu)
 11240 | D:10     | Found a staircase to the Orcish Mines.
 11258 | D:10     | Noticed a two-headed ogre
 11428 | D:10     | Killed a two-headed ogre
 11533 | D:10     | Found Inamer's Magic Scroll Boutique.
 11545 | D:10     | Reached skill level 1 in Armour
 11593 | D:10     | Bought a scroll of noise for 13 gold pieces
 11773 | D:10     | HP: 4/95 [something (28)]
 11777 | D:10     | Reached XP level 12. HP: 12/102 MP: 16/16
 12228 | D:10     | Reached ***** piety under Makhleb
 12653 | D:11     | Noticed a boulder beetle
 13019 | D:11     | Killed a boulder beetle
 13350 | D:11     | Reached skill level 5 in Summonings
 13421 | D:11     | Found a glowing silver altar of Zin.
 13741 | D:12     | Learned a level 3 spell: Ozocubu's Armour
 14638 | D:12     | Found a portal to a secret trove of treasure.
 14676 | D:12     | Reached skill level 5 in Armour
 14913 | Lair:1   | Entered Level 1 of the Lair of Beasts
 14913 | Lair:1   | Noticed a boulder beetle
 14932 | Lair:1   | Killed a boulder beetle
 15133 | Lair:1   | Noticed a boulder beetle
 15140 | Lair:1   | HP: 3/102 [boulder beetle (31)]
 15141 | Lair:1   | Succumbed to a black mamba's poison

Illustrated notes

Levels and vault maps discovered:
D:1:      dpeg_arrival_ratfight, layout_rooms, nicolae_figureground_pulse
D:2:      layout_basic, basic_altar, uniq_robin, uniq_terence,
          uniq_crazy_yiuf_cottage
D:3:      layout_rooms, chequers_temple_overflow_minitemple,
          ebering_ecumenical_altar_box, serial_bayou_crossing
D:4:      layout_cave_pools, nemelex_dance_club_becter,
          mainiacjoe_overflow_small_starburst,
          nicolae_shop_distant_corner_stores
D:5:      layout_basic, minmay_misc_feat_alley, st_stairs_2
D:6:      layout_basic, minmay_temple_entry_trees, uniq_prince_ribbit1,
          uniq_grinder
D:7:      lemuel_slime, layout_basic, serial_shops, shop
D:8:      layout_rooms, grunt_temple_overflow_diamond, minmay_three_doors
D:9:      layout_basic, erik_lair_island, serial_shops,
          nicolae_shop_back_alley_shop, shop, nicolae_shop_rolling_square,
          nicolae_shop_tiny_statue_garden, hangedman_misty_isle
D:10:     layout_cave_pools, zombieorc2_lemuel, serial_shops,
          nicolae_shop_crystal, enter_bailey_5, gammafunk_ghost_ooze,
          grunt_decor_arrowhead
D:11:     layout_irregular_city, zin_academy
D:12:     layout_loops_cross, enter_trove_0
Lair:1:   layout_concentric_octagons, uniq_fannar

Skill      XL: |  1  2  3  4  5  6  7  8  9 10 11 12 |
---------------+-------------------------------------+-----
Fighting       | 2 3 6 8 11 12 | 12.0
Ice Magic      | 1 3 4 6 7 8 9 10 12 | 12.1
Spellcasting   | 2 3 4 |  4.0
Dodging        | 4 |  4.1
Summonings     | 3 8 |  8.1
Armour         | 1 5 |  5.7
Short Blades   | |  2.0
Hexes          | |  2.0
Invocations    | |  1.0
Evocations     | |  1.0

Action                     |  1- 3 |  4- 6 |  7- 9 | 10-12 || total
---------------------------+-------+-------+-------+-------++-------
  Melee: Short sword       |   152 |       |       |       ||   152
         Punch             |     2 |       |     1 |    11 ||    14
         Flail             |     2 |   103 |    98 |   368 ||   571
   Cast: Slow              |    47 |     5 |    19 |    12 ||    83
         Ensorcelled Hiber |     1 |     1 |       |     1 ||     3
         Frozen Ramparts   |       |    17 |    34 |    72 ||   123
         Summon Ice Beast  |       |       |       |    13 ||    13
         Ozocubu's Armour  |       |       |       |    12 ||    12
 Invoke: Lesser Servant of |       |       |       |     6 ||     6
  Evoke: Wand              |       |       |    11 |     3 ||    14
    Use: Scroll            |       |       |       |    15 ||    15
   Stab: Sleeping          |     1 |     1 |       |       ||     2
 Armour: Robe              |    31 |    18 |    15 |       ||    64
         Ring mail         |       |       |    19 |    53 ||    72
         Scale mail        |       |       |       |   126 ||   126
  Dodge: Dodged            |    91 |    77 |    74 |   236 ||   478
